 Dungeon Crawl Stone Soup version 0.20-a0-950-g92a50c4 (webtiles) character file.

736 qqqbard the Twirler (level 7, -1/60 HPs)
             Began as a Minotaur Gladiator on Apr 4, 2017.
             Slain by Blork the orc
             ... wielding a +1 trident of venom
              (2 damage)
             ... on level 4 of the Dungeon.
             The game lasted 00:05:05 (2773 turns).

qqqbard the Twirler (Minotaur Gladiator)            Turns: 2773, Time: 00:05:06

Health: -1/60      AC: 11    Str: 18    XL:     7   Next: 46%
Magic:  6/6        EV:  9    Int:  5    God:
Gold:   182        SH:  0    Dex: 14    Spells: 6/6 levels left

rFire    . . .     SeeInvis .   b - +2 quarterstaff (chaos)
rCold    . . .     Gourm    .   (shield currently unavailable)
rNeg     . . .     Faith    .   z - +0 chain mail
rPois    .         Spirit   .   c - +0 hat
rElec    .         Reflect  .   A - +0 cloak
rCorr    .         Harm     .   j - +0 pair of gloves
MR       .....                  (no boots)
Stlth    ..........             (no amulet)
Regen    0.2/turn               (no ring)
MPRegen  0.1/turn               (no ring)

@: lethally poisoned (-1 -> -32), hasted, very quick
A: retaliatory headbutt, horns 2
a: no special abilities


You were on level 4 of the Dungeon.
You were not hungry.

You visited 1 branch of the dungeon, and saw 4 of its levels.

You collected 182 gold pieces.

Inventory:

Hand Weapons
 b - a +2 quarterstaff of chaos (weapon)
Missiles
 d - 3 throwing nets (quivered)
Armour
 c - a +0 hat (worn)
 j - a +0 pair of gloves (worn)
 m - a +0 buckler
 z - a +0 chain mail (worn)
 A - a +0 cloak (worn)
Jewellery
 y - a +4 amulet of reflection {unknown}
 D - an uncursed ring of poison resistance {unknown}
Wands
 a - a wand of flame (25/48)
Scrolls
 e - 2 scrolls of immolation {unknown}
 g - 5 scrolls of identify {unknown}
 o - 4 scrolls of remove curse {unknown}
 q - 2 scrolls of enchant armour {unknown}
 t - 3 scrolls of teleportation {unknown}
 v - a scroll of enchant weapon {unknown}
 x - a scroll of amnesia {unknown}
 C - a scroll of recharging {unknown}
Potions
 h - a potion of berserk rage {unknown}
 i - a potion of invisibility {unknown}
 k - a potion of curing {unknown}
 l - 2 potions of might {unknown}
 n - 2 potions of haste
 p - a potion of magic {unknown}
 r - a potion of lignification {unknown}
 u - 2 potions of degeneration {unknown}
 w - a potion of heal wounds {unknown}
Comestibles
 f - 7 bread rations
 s - 4 meat rations
 B - 26 chunks of flesh


   Skills:
 + Level 4.7 Fighting
 * Level 7.4 Staves
 - Level 2.0 Throwing
 + Level 4.2 Armour
 + Level 5.1 Dodging


You had 6 spell levels left.
You didn't know any spells.

Dungeon Overview and Level Annotations

Branches:
Dungeon (4/15)
 Temple: D:4-7

Altars:
Trog
Vehumet

Annotations:
D:4 Blork the orc


Innate Abilities, Weirdness & Mutations

You reflexively headbutt those who attack you in melee.
You have a pair of horns on your head.


Message History

* * * LOW HITPOINT WARNING * * *
You feel very sick. The gnoll completely misses you. You furiously retaliate!
You headbutt the gnoll.
* * * LOW HITPOINT WARNING * * *
You feel very sick.
You hear a zap.
Something tries to affect you, but you resist.
* * * LOW HITPOINT WARNING * * *
You feel very sick.
Things that are here:
a flail; a club; a gnoll skeleton
* * * LOW HITPOINT WARNING * * *
You feel very sick.
You see here a worker ant corpse.
It was a potion of haste.
You feel yourself speed up.
* * * LOW HITPOINT WARNING * * *
You feel very sick. Something hits you.
You die...

.# ..#....#... .#
.'....'... ##+#
#....#... #
...#############)'''####
#
.gg#.............†......
. #
####≈≈≈≈≈≈≈≈≈≈≈≈....≈≈≈≈
≈≈#
≈≈≈≈≈≈≈≈≈≈≈≈≈≈≈≈{.!(≈≈≈≈
≈≈≈
≈≈≈≈≈≈≈≈≈≈≈≈≈≈≈≈g...≈≈≈≈
≈≈≈
........).......@)......
...
######>.................
... #.#.........#######
### #.#.####..#.# ...
#.#.# #..#.# ... #.#.#
#..#.# ..
#####.#.####..#.# .
#.....#.........#
#.#####.####..###


You could see a gnoll.

Vanquished Creatures
  Sigmund (D:4)
  Eustachio (D:4)
  2 howler monkeys (D:4)
  Crazy Yiuf (D:3)
  Terence (D:3)
  A worker ant (D:4)
  12 gnolls
  4 adders (D:2)
  An ooze (D:1)
  2 adder skeletons (D:4)
  3 worms
  A dart slug (D:1)
  2 leopard geckos
  7 orcs
  2 ball pythons
  10 bats
  5 giant cockroaches
  7 goblins
  6 hobgoblins
  17 jackals
  7 quokkas
  3 frilled lizards (D:1)
  A jackal skeleton (D:4)
  9 kobolds
  13 rats
119 creatures vanquished.

Notes
Turn   | Place    | Note
-------+----------+-------------------------------------------
     0 | D:1      | qqqbard the Minotaur Gladiator began the quest for the Orb.
     0 | D:1      | Reached XP level 1. HP: 18/18 MP: 0/0
   126 | D:1      | Reached XP level 2. HP: 23/25 MP: 1/1
   165 | D:1      | Reached skill level 4 in Staves
   283 | D:1      | Reached skill level 1 in Armour
   326 | D:1      | Reached XP level 3. HP: 29/30 MP: 2/2
   799 | D:2      | Reached XP level 4. HP: 22/38 MP: 3/3
  1233 | D:2      | Reached skill level 5 in Staves
  1307 | D:3      | Found a radiant altar of Vehumet.
  1349 | D:3      | Reached XP level 5. HP: 17/45 MP: 4/4
  1930 | D:3      | Found a bloodstained altar of Trog.
  2074 | D:3      | Noticed Terence
  2083 | D:3      | Killed Terence
  2107 | D:3      | Found a runed door.
  2153 | D:3      | Noticed Crazy Yiuf
  2159 | D:3      | Killed Crazy Yiuf
  2228 | D:4      | Noticed Sigmund
  2232 | D:4      | Reached XP level 6. HP: 48/52 MP: 5/5
  2242 | D:4      | Killed Sigmund
  2242 | D:4      | Reached skill level 6 in Staves
  2494 | D:4      | Noticed Eustachio
  2509 | D:4      | Killed Eustachio
  2509 | D:4      | Reached XP level 7. HP: 58/60 MP: 6/6
  2726 | D:4      | Reached skill level 7 in Staves
  2742 | D:4      | Reached skill level 5 in Dodging
  2760 | D:4      | Noticed Blork the orc
  2773 | D:4      | HP: 1/60 [poisoned by Blork the orc]
  2773 | D:4      | Slain by Blork the orc

Vault maps used:
D:1:      minmay_arrival_nine_rooms, minmay_pentomino_v4
D:2:      first_bread, st_stairs_4
D:3:      old_standard_altar, trog_hazing_becter, uniq_crazy_yiuf_cottage,
          uniq_terence
D:4:      lemuel_castle_with_subvaults, uniq_blork_the_orc, uniq_sigmund,
          uniq_eustachio

Skill      XL: |  1  2  3  4  5  6  7 |
---------------+----------------------+-----
Staves         | 4 5 6 7 |  7.4
Armour         | 1 2 3 4 |  4.2
Fighting       | 3 4 |  4.7
Dodging        | 4 5 |  5.1
Throwing       | |  2.0

Action                   |  1- 3 |  4- 6 |  7- 9 || total
-------------------------+-------+-------+-------++-------
Melee: Quarterstaff      |    77 |   129 |    57 ||   263
       Headbutt          |    15 |    19 |     9 ||    43
  Use: Potion            |       |       |     1 ||     1
 Stab: Sleeping          |       |     1 |       ||     1
       Paralysed         |       |     1 |       ||     1
       Petrified         |       |     2 |       ||     2
       Petrifying        |       |     1 |     1 ||     2
  Eat: Chunk             |       |     5 |     1 ||     6
Armor: Leather armour    |    24 |    16 |       ||    40
       Chain mail        |       |    32 |    46 ||    78
Dodge: Dodged            |    52 |    80 |    31 ||   163
